 Dungeon Crawl Stone Soup version 0.22.0-38-g04b72b8 (webtiles) character file.

142 Lew the Ducker (level 5, -1/47 HPs)
             Began as a Gnoll Monk on Aug 28, 2018.
             Was a Believer of Fedhas.
             Killed from afar by an orc wizard (7 damage)
             ... with a magic dart
             ... on level 3 of the Dungeon.
             The game lasted 00:03:16 (1797 turns).

Lew the Ducker (Gnoll Monk)                         Turns: 1797, Time: 00:03:17

Health: -1/47      AC:  4    Str: 14    XL:     5   Next: 24%
Magic:  6/7        EV: 17    Int: 12    God:    Fedhas [**....]
Gold:   142        SH:  0    Dex: 18    Spells: 6/6 levels left

rFire    . . .     SeeInvis .   a - +0 hand axe
rCold    . . .     Gourm    .   (no shield)
rNeg     . . .     Faith    .   b - +0 robe
rPois    .         Spirit   .   d - +1 hat
rElec    .         Reflect  .   (no cloak)
rCorr    .         Harm     .   (no gloves)
MR       .....                  k - +0 pair of boots
Stlth    +++.......             (no amulet)
HPRegen  0.15/turn              (no ring)
MPRegen  0.10/turn              (no ring)

@: berserk cooldown, slowed, very slow
A: distributed training, fangs 1, strong nose
a: Fungal Bloom, Sunlight, Evolution, Renounce Religion


You were on level 3 of the Dungeon.
You worshipped Fedhas.
Fedhas was pleased with you.
You were not hungry.

You visited 1 branch of the dungeon, and saw 3 of its levels.

You collected 142 gold pieces.

Inventory:

Hand Weapons
 a - a +0 hand axe (weapon)
Armour
 b - a +0 robe (worn)
 d - a +1 hat (worn)
 k - a +0 pair of boots (worn)
Scrolls
 f - a scroll of amnesia
 h - 2 scrolls of identify
 i - 2 scrolls of remove curse
Potions
 g - a potion of curing
 j - 2 potions of haste
 m - a potion of degeneration {unknown}
Comestibles
 c - 5 rations


   Skills:
 + Level 6.6 Fighting
 + Level 1.4 Short Blades
 + Level 1.4 Long Blades
 + Level 6.6 Axes
 + Level 1.4 Maces & Flails
 + Level 1.4 Polearms
 + Level 1.4 Staves
 + Level 1.4 Slings
 + Level 1.4 Bows
 + Level 1.4 Crossbows
 + Level 1.4 Throwing
 + Level 1.4 Armour
 + Level 6.6 Dodging
 + Level 4.3 Stealth
 + Level 1.4 Shields
 + Level 1.4 Unarmed Combat
 + Level 1.4 Spellcasting
 + Level 1.1 Conjurations
 + Level 1.1 Hexes
 + Level 1.1 Charms
 + Level 1.1 Summonings
 + Level 1.1 Necromancy
 + Level 1.1 Translocations
 + Level 1.1 Transmutations
 + Level 1.1 Fire Magic
 + Level 1.1 Ice Magic
 + Level 1.1 Air Magic
 + Level 1.1 Earth Magic
 + Level 1.1 Poison Magic
 + Level 1.5 Invocations
 + Level 1.4 Evocations


You had 6 spell levels left.
You didn't know any spells.
Your spell library was empty.

Dungeon Overview and Level Annotations

Branches:
Dungeon (3/15)

Altars:
Cheibriados
Fedhas


Innate Abilities, Weirdness & Mutations

Your experience applies equally to all skills.
You have very sharp teeth.
Your uncanny sense of smell can sniff out nearby items.


Message History

You see here a potion of curing.
You barely miss the orc wizard.
The orc wizard gestures wildly while chanting.
The orc wizard blinks!
The orc wizard hits you but does no damage.
The orc wizard completely misses you.
You hit the orc wizard.
The orc wizard is heavily wounded.
The orc wizard completely misses you.
The orc wizard points at you and mumbles some strange words.
The magic dart hits you!
* * * LOW HITPOINT WARNING * * *
The orc wizard hits you with a dagger.
* * * LOW HITPOINT WARNING * * *
You hit the orc wizard but do no damage.
The orc wizard is heavily wounded.
The orc wizard points at you and mumbles some strange words.
The magic dart hits you!
You die...
Fedhas appreciates your contribution to the ecosystem.

#.# .. #.# ####.#
#.###....##
#.##......##
#.#........#
#.#........#
#.#....$...#
##########.#..@o.[..#
#<.........##.!....##
##########(.##(...##
##..#)#### ##.†)#
#####


You could see an orc wizard.

Vanquished Creatures
  An orc priest (D:3)
  3 gnolls (D:2)
  3 adders
  A worm (D:3)
  2 dart slugs
  2 leopard geckos
  An orc (D:3)
  2 bats (D:1)
  9 giant cockroaches
  4 goblins
  5 hobgoblins
  2 jackals (D:1)
  7 kobolds
  2 frilled lizards (D:1)
  4 rats
48 creatures vanquished.

Notes
Turn   | Place    | Note
-------+----------+-------------------------------------------
     0 | D:1      | Lew the Gnoll Monk began the quest for the Orb.
     0 | D:1      | Reached XP level 1. HP: 23/23 MP: 1/1
   142 | D:1      | Reached XP level 2. HP: 21/29 MP: 2/2
   644 | D:1      | Reached XP level 3. HP: 35/35 MP: 3/3
   829 | D:2      | Found a blossoming altar of Fedhas.
   835 | D:2      | Reached skill level 1 in Invocations
  1106 | D:2      | Reached skill level 1 in Short Blades
  1106 | D:2      | Reached skill level 1 in Long Blades
  1106 | D:2      | Reached skill level 1 in Maces & Flails
  1106 | D:2      | Reached skill level 1 in Polearms
  1106 | D:2      | Reached skill level 1 in Staves
  1106 | D:2      | Reached skill level 1 in Slings
  1106 | D:2      | Reached skill level 1 in Bows
  1106 | D:2      | Reached skill level 1 in Crossbows
  1106 | D:2      | Reached skill level 1 in Throwing
  1106 | D:2      | Reached skill level 1 in Armour
  1106 | D:2      | Reached skill level 1 in Shields
  1106 | D:2      | Reached skill level 1 in Unarmed Combat
  1106 | D:2      | Reached skill level 1 in Spellcasting
  1106 | D:2      | Reached skill level 1 in Evocations
  1106 | D:2      | Reached XP level 4. HP: 23/41 MP: 5/5
  1484 | D:2      | Reached skill level 1 in Conjurations
  1484 | D:2      | Reached skill level 1 in Hexes
  1484 | D:2      | Reached skill level 1 in Charms
  1484 | D:2      | Reached skill level 1 in Summonings
  1484 | D:2      | Reached skill level 1 in Necromancy
  1484 | D:2      | Reached skill level 1 in Translocations
  1484 | D:2      | Reached skill level 1 in Transmutations
  1484 | D:2      | Reached skill level 1 in Fire Magic
  1484 | D:2      | Reached skill level 1 in Ice Magic
  1484 | D:2      | Reached skill level 1 in Air Magic
  1484 | D:2      | Reached skill level 1 in Earth Magic
  1484 | D:2      | Reached skill level 1 in Poison Magic
  1600 | D:2      | Found a snail-covered altar of Cheibriados.
  1731 | D:2      | Became a worshipper of Fedhas Madash
  1731 | D:2      | Reached * piety under Fedhas
  1731 | D:2      | Reached ** piety under Fedhas
  1786 | D:3      | Reached XP level 5. HP: 23/47 MP: 5/7
  1797 | D:3      | Killed from afar by an orc wizard

Skill      XL: |  1  2  3  4 |
---------------+-------------+-----
Invocations    | 1 |  1.5
Short Blades   | 1 |  1.4
Long Blades    | 1 |  1.4
Maces & Flails | 1 |  1.4
Polearms       | 1 |  1.4
Staves         | 1 |  1.4
Slings         | 1 |  1.4
Bows           | 1 |  1.4
Crossbows      | 1 |  1.4
Throwing       | 1 |  1.4
Armour         | 1 |  1.4
Shields        | 1 |  1.4
Unarmed Combat | 1 |  1.4
Spellcasting   | 1 |  1.4
Evocations     | 1 |  1.4
Conjurations   | 1 |  1.1
Hexes          | 1 |  1.1
Charms         | 1 |  1.1
Summonings     | 1 |  1.1
Necromancy     | 1 |  1.1
Translocations | 1 |  1.1
Transmutations | 1 |  1.1
Fire Magic     | 1 |  1.1
Ice Magic      | 1 |  1.1
Air Magic      | 1 |  1.1
Earth Magic    | 1 |  1.1
Poison Magic   | 1 |  1.1
Fighting       | |  6.6
Axes           | |  6.6
Dodging        | |  6.6
Stealth        | |  4.3

Action                   |  1- 3 |  4- 6 || total
-------------------------+-------+-------++-------
Melee: Hand axe          |    77 |    56 ||   133
       Bite              |    10 |     4 ||    14
  Use: Scroll            |       |     4 ||     4
       Potion            |       |     4 ||     4
 Stab: Sleeping          |     3 |     1 ||     4
  Eat: Ration            |       |     1 ||     1
Armor: Robe              |     7 |     7 ||    14
Dodge: Dodged            |    58 |    38 ||    96
